 Dungeon Crawl Stone Soup version 0.26.1-11-gd32895ea62 (webtiles) character file.

Game seed: 12735266331890141859

3159 H0rd4k the Martial Artist (level 9, -1/54 HPs)
             Began as an Octopode Transmuter on July 9, 2021.
             Was an Initiate of Gozag.
             Slain by Harold
             ... wielding a +0 hand axe of freezing
              (20 damage)
             ... on level 8 of the Dungeon.
             The game lasted 00:13:56 (9069 turns).

H0rd4k the Martial Artist (Octopode Transmuter)     Turns: 9069, Time: 00:13:56

Health: -1/54      AC:  6    Str: 15    XL:     9   Next: 94%
Magic:  15/17      EV: 23    Int: 18    God:    Gozag
Gold:   777        SH:  0    Dex: 18    Spells: 8/19 levels left

rFire    + . .     SeeInvis .     - Unarmed
rCold    . . .     Faith    .   (shield currently unavailable)
rNeg     . . .     Spirit   .   (helmet currently unavailable)
rPois    x         Reflect  .   E - amulet of regeneration
rElec    .         Harm     .   f - +4 ring of protection
rCorr    .         Rampage  .   x - ring of protection from fire
Will     .....                  D - +6 ring of strength
Stlth    ++........             (no ring)
HPRegen  0.58/turn              (no ring)
MPRegen  0.15/turn              (no ring)
                                (no ring)
                                (no ring)

@: spider-form, marked, gold aura
A: tiny, almost no armour, stealthy swim, (amphibious), 8 rings, (constrict 8)
a: End Transformation, Renounce Religion, Potion Petition, Call Merchant, Bribe
Branch


You were on level 8 of the Dungeon.
You worshipped Gozag.
Gozag was pleased with you.
You were a venomous arachnid creature.
You visited 2 branches of the dungeon, and saw 9 of its levels.

You collected 856 gold pieces.
You paid 79 gold pieces to Gozag.

Inventory:

Missiles
 s - 9 poisoned darts
Jewellery
 f - a +4 ring of protection (left front leg)
 x - a ring of protection from fire (right front leg)
 y - a +6 ring of strength
 D - a +6 ring of strength (on tentacle)
 E - an amulet of regeneration (around neck)
Wands
 c - a wand of flame (42)
 A - a wand of digging (3)
 C - a wand of acid (7)
 F - a wand of disintegration (18)
Scrolls
 a - 5 scrolls of immolation {unknown}
 e - 2 scrolls of remove curse {unknown}
 j - 3 scrolls of noise {unknown}
 k - a scroll of fear {unknown}
 l - 3 scrolls of enchant armour {unknown}
 n - 3 scrolls of fog {unknown}
 p - 2 scrolls of amnesia {unknown}
 q - a scroll of teleportation {unknown}
 r - 3 scrolls of blinking {unknown}
 t - 3 scrolls of magic mapping {unknown}
 w - a scroll of enchant weapon {unknown}
 G - a scroll of random uselessness {unknown}
Potions
 b - a potion of magic {unknown}
 d - 4 potions of heal wounds {unknown}
 g - 5 potions of curing
 h - 2 potions of berserk rage
 i - a potion of resistance
 m - a potion of invisibility
 o - 2 potions of might
 u - a potion of flight
 v - a potion of attraction {unknown}
 z - 2 potions of mutation {unknown}
 B - a potion of lignification {unknown}


   Skills:
 + Level 2.2 Fighting
 + Level 5.0 Dodging
 - Level 0.8 Stealth
 + Level 9.0 Unarmed Combat
 * Level 5.8 Spellcasting
 * Level 5.7 Transmutations
 - Level 5.0 Poison Magic


You had 8 spell levels left.
You knew the following spells:

 Your Spells              Type           Power        Failure   Level
a - Beastly Appendage     Tmut           50%          5%          1
b - Spider Form           Tmut/Pois      12%          13%         3
c - Blink                 Tloc           N/A          38%         2
d - Blade Hands           Tmut           12%          54%         5

Your spell library contained the following spells:

 Spells                   Type           Power        Failure   Level
 Wereblood                Tmut           25%          8%          2
 Animate Skeleton         Necr           10%          28%         1
 Apportation              Tloc           10%          28%         1
 Corona                   Hex            5%           28%         1
 Magic Dart               Conj           20%          28%         1
 Summon Small Mammal      Summ           20%          28%         1
 Call Imp                 Summ           5%           38%         2
 Slow                     Hex            5%           38%         2
 Mephitic Cloud           Conj/Pois/Air  11%          38%         3
 Conjure Flame            Conj/Fire      5%           58%         3
 Inner Flame              Hex/Fire       5%           58%         3
 Portal Projectile        Hex/Tloc       10%          58%         3
 Ice Form                 Ice/Tmut       15%          58%         4
 Cause Fear               Hex            2%           90%         4
 Leda's Liquefaction      Hex/Erth       2%           90%         4
 Passage of Golubria      Tloc           N/A          90%         4
 Shadow Creatures         Summ           N/A          100%        6
 Summon Hydra             Summ           2%           100%        7


Dungeon Overview and Level Annotations

Branches:
Dungeon (8/15)             Temple (1/1) D:5            Lair (0/6) D:8

Altars:
Ashenzari
Dithmenos
Elyvilon
Fedhas
Gozag
Hepliaklqana
Kikubaaqudgha
Makhleb
Okawaru
Xom
Zin

Shops:
D:4 !   D:5 (   D:7 (   D:8 }

Annotations:
D:4 Blork the orc
D:8 Erica, Harold


Innate Abilities, Weirdness & Mutations

You cannot wear most types of armour.
You are very stealthy in the water. (Stealth+)
((You are amphibious.))
You can wear up to eight rings at the same time.
((You can use your tentacles to constrict eight enemies at once.))
((Your skin changes colour to match your surroundings (Stealth+).))
((Your rubbery body absorbs attacks. (AC +1, EV +1)))


Message History

Harold hits you with a +0 hand axe of freezing!
Harold freezes you.
You bite Harold!
Harold looks as sick as possible!
Harold is heavily wounded.
Harold hits you with a +0 hand axe of freezing.
Harold freezes you.
You bite Harold!
Harold looks as sick as possible!
Harold is severely wounded.
Harold becomes distracted by the nearby gold, dreaming of imaginary riches.
You catch the helpless Harold completely off-guard!
You hit Harold.
Harold looks as sick as possible!
Harold is no longer distracted by gold.
Harold is severely wounded.
Harold hits you with a +0 hand axe of freezing!!
Harold freezes you.
* * * LOW HITPOINT WARNING * * *
You feel better.
Harold hits you with a +0 hand axe of freezing!!
You die...
Your body crumbles into a pile of gold.

### #...........# ...
...#..........# #####.# ##
#..........# ...#.#
#..........## ##'#.#
#.#..........#. #....#
#............#.
#....#####.......)...#.
#.<...@# #...........#.
#...!#s# #.........).#.
#....#.# ##.######.#.#.
#.Y..#.####.######.#.#.
@.....#...............#.
........Y..........##.###.
YY......#..........##.....
........#..#............##
....##....#.............#
.....#.>.##..#.....#


You could see Harold (extremely poisoned) and a yak.

Vanquished Creatures
  A death yak (D:7)
  Eustachio (D:6)
  An orc warrior (D:8)
  3 sky beasts
  A necrophage (D:5)
  4 ogres
  A centaur (D:5)
  3 bullfrogs
  A wyvern skeleton (D:8)
  4 scorpions
  A killer bee (D:7)
  A howler monkey (D:6)
  A bullfrog zombie (D:8)
  4 hounds
  2 centaur skeletons
  3 orc priests
  4 orc wizards
  A bullfrog skeleton (D:8)
  Jessica (D:2)
  An iguana (D:5)
  4 worker ants
  A hound skeleton (D:6)
  A howler monkey skeleton (D:6)
  11 gnolls
  8 adders
  4 shadow imps
  A white imp (D:6)
  3 ufetubi (D:7)
  3 oozes
  An adder zombie (D:8)
  3 adder skeletons
  3 worms
  4 dart slugs (D:1)
  2 leopard geckos
  25 orcs
  5 bats
  4 giant cockroaches
  8 goblins
  6 hobgoblins
  22 jackals
  6 kobolds
  4 quokkas
  2 ball pythons (D:1)
  A ball python skeleton (D:6)
  A frilled lizard (D:3)
  A giant cockroach zombie (D:4)
  A leopard gecko skeleton (D:7)
  3 quokka skeletons
  2 quokka zombies
  9 rats
188 creatures vanquished.

Notes
Turn   | Place    | Note
-------+----------+-------------------------------------------
     0 | D:1      | H0rd4k the Octopode Transmuter began the quest for the Orb.
     0 | D:1      | Reached XP level 1. HP: 13/13 MP: 3/3
    77 | D:1      | Reached XP level 2. HP: 15/18 MP: 5/5
   477 | D:1      | Reached XP level 3. HP: 21/23 MP: 6/6
   488 | D:1      | Learned a level 3 spell: Spider Form
  1066 | D:2      | Reached skill level 4 in Unarmed Combat
  1187 | D:2      | Noticed Jessica
  1202 | D:2      | Reached skill level 1 in Poison Magic
  1202 | D:2      | Reached XP level 4. HP: 28/28 MP: 7/7
  1210 | D:2      | Killed Jessica
  1459 | D:2      | Learned a level 2 spell: Blink
  1869 | D:3      | Reached XP level 5. HP: 32/33 MP: 8/8
  2964 | D:4      | Reached XP level 6. HP: 18/38 MP: 6/9
  3487 | D:4      | Noticed Blork the orc
  3545 | D:4      | Reached skill level 5 in Unarmed Combat
  3731 | D:4      | Found Woawkeoh's Distillery.
  4052 | D:5      | Entered Level 5 of the Dungeon
  4082 | D:5      | Reached XP level 7. HP: 21/43 MP: 8/11
  4556 | D:5      | Reached skill level 6 in Unarmed Combat
  5050 | D:5      | Reached XP level 8. HP: 26/48 MP: 9/13
  5284 | D:5      | Found a staircase to the Ecumenical Temple.
  5359 | Temple   | Entered the Ecumenical Temple
  5436 | Temple   | Became a worshipper of Gozag Ym Sagoz the Greedy
  5514 | D:5      | Found Hagee's Antique Weapon Shop.
  6044 | D:6      | Noticed Eustachio
  6061 | D:6      | Reached skill level 5 in Poison Magic
  6570 | D:6      | Reached skill level 7 in Unarmed Combat
  6596 | D:6      | Killed Eustachio
  6597 | D:6      | Reached XP level 9. HP: 22/54 MP: 12/16
  6846 | D:6      | Reached skill level 5 in Spellcasting
  7930 | D:7      | Identified the Guide on the Quantum Entourage
  7984 | D:7      | Learned a level 5 spell: Blade Hands
  8068 | D:7      | Found Isuqug's Antique Weapon Boutique.
  8220 | D:7      | Found an ancient bone altar of Kikubaaqudgha.
  8547 | D:8      | Noticed a death yak
  8560 | D:8      | Noticed a death yak
  8561 | D:8      | Noticed a death yak
  8572 | D:7      | Killed a death yak
  8573 | D:7      | Reached skill level 8 in Unarmed Combat
  8573 | D:7      | Reached skill level 5 in Transmutations
  8643 | D:8      | Noticed Erica
  8859 | D:8      | Found Jooxaelona's Gadget Emporium.
  8954 | D:8      | Found a staircase to the Lair.
  8991 | D:8      | Reached skill level 5 in Dodging
  9051 | D:8      | Noticed Harold
  9063 | D:8      | Reached skill level 9 in Unarmed Combat
  9069 | D:8      | Slain by Harold

Illustrated notes

Levels and vault maps discovered:
D:1:      mrwooster_arrival_arrow, layout_rooms, fountainhead, nrook_uturn
D:2:      layout_loops_corners, chequers_mini_garden, uniq_jessica
D:3:      wander_river, layout_basic
D:4:      layout_basic, minmay_shop_grid_forest, minmay_strange_pillars,
          uniq_blork_the_orc
D:5:      layout_loops_ring, minmay_temple_entry_junction_2, serial_shops,
          nicolae_shop_overgrown_old_shop, minmay_hedge_maze
D:6:      layout_basic, minmay_checkerbox, uniq_eustachio
D:7:      layout_layer_cave, lemuel_coloured_pillars_altar, serial_shops, shop,
          minmay_fountain_box
D:8:      layout_basic, dpeg_lair_monsters, serial_shops, shop, uniq_harold,
          uniq_erica
Temple:   compressed_dpeg_triangle_lava_temple

Skill      XL: |  1  2  3  4  5  6  7  8  9 |
---------------+----------------------------+-----
Unarmed Combat | 4 5 6 7 9 |  9.0
Poison Magic   | 1 2 3 5 |  5.0
Transmutations | 3 4 5 |  5.7
Spellcasting   | 3 4 5 |  5.8
Dodging        | 3 4 5 |  5.0
Fighting       | 2 |  2.2
Stealth        | |  0.8

Action                   |  1- 3 |  4- 6 |  7- 9 || total
-------------------------+-------+-------+-------++-------
Melee: Unarmed           |    83 |   156 |   327 ||   566
       Tentacles         |    19 |    16 |    16 ||    51
       Constrict         |    26 |    25 |    28 ||    79
       Punch             |       |     3 |     4 ||     7
 Cast: Spider Form       |       |     7 |    31 ||    38
  Use: Scroll            |       |       |     7 ||     7
       Potion            |       |       |     1 ||     1
 Stab: Sleeping          |     9 |     9 |     5 ||    23
       Distracted        |       |       |     1 ||     1
Armor: Skin              |    18 |    25 |    43 ||    86
Dodge: Dodged            |    45 |   121 |   246 ||   412
